 Dungeon Crawl Stone Soup version 0.30-a0-1074-g5db6f66fbb (webtiles) character file.

Game seed: 14325805294061524759

7 jimonade the Magician (level 2, -6/23 HPs)
             Began as a Djinni Warper on Apr 14, 2023.
             Mangled by a goblin
             ... wielding a +2 dagger of electrocution
              (16 damage)
             ... on level 1 of the Dungeon.
             The game lasted 00:00:31 (252 turns).

jimonade the Magician (Djinni Warper)                Turns: 252, Time: 00:00:31

Health: -6/23      AC:  3    Str: 10    XL:     2   Next: 5%
Gold:   0          EV: 11    Int: 14    God:
                   SH:  0    Dex: 12

rFire   + + .      SeeInvis .    e - +0 long sword
rCold   x . .      Faith    .    (no shield)
rNeg    . . .      Spirit   .    b - +0 leather armour
rPois   ∞          Reflect  .    (no helmet)
rElec   .          Rampage  .    (no cloak)
rCorr   .                        (no gloves)
Will    .....                    (boots unavailable)
Stlth   +                        (no amulet)
HPRegen 0.23/turn                (no ring)
MPRegen 0.00/turn                (no ring)

@: flying
A: sickness immunity, fire resistance 2, cold vulnerability 1, float, innate
caster, HP casting, extra vitality 1
a: no special abilities


You were on level 1 of the Dungeon.
You visited 1 branch of the dungeon, and saw 1 of its levels.

Inventory:

Hand Weapons
 a - a +0 falchion
 e - a +0 long sword (weapon)
Missiles
 d - 7 boomerangs of dispersal (quivered)
Armour
 b - a +0 leather armour (worn)
Scrolls
 c - a scroll of blinking
Potions
 f - a potion of cancellation {unknown}


   Skills:
 + Level 2.1 Fighting
 - Level 1.7 Long Blades
 - Level 0.7 Throwing
 - Level 1.0 Armour
 - Level 2.1 Dodging
 + Level 2.7 Spellcasting


You knew the following spells:

 Your Spells              Type           Power      Damage    Failure   Level
a - Blink                 Tloc           18%        N/A       14%         2
b - Lesser Beckoning      Tloc           18%        N/A       14%         2
c - Vhi's Electric Charg  Tloc/Air       18%        N/A       28%         3
d - Teleport Other        Tloc           9%         N/A       28%         3
e - Manifold Assault      Tloc           9%         N/A       67%         4
Your spell library was empty.

Dungeon Overview and Level Annotations

Branches:
Dungeon (1/15)

Altars:


Innate Abilities, Weirdness & Mutations

You are immune to sickness and miasma.
You are immune to poison.
Your flesh is very heat resistant. (rF++)
You are vulnerable to cold. (rC-)
You float through the air rather than walking.
You learn spells naturally, not from books.
Your magical power is your life essence.
You have superior vitality. (+4 MHP)


Message History

You kill the jackal!
You have reached level 2!
You hit the ball python but do no damage.
The ball python bites you. The ball python grabs you.
The ball python constricts you. The ball python bites you.
The ball python constricts you.
You barely miss the ball python. The ball python bites you.
The ball python constricts you.
You hit the ball python.
The ball python is severely wounded.
The ball python closely misses you. The ball python constricts you.
The ball python bites you but does no damage.
The ball python constricts you.
You slash the ball python!
You kill the ball python!
No target in view!
HP restored.
Things that are here:
a jackal corpse; a jackal corpse; a jackal corpse
Found a stone staircase leading down.
There is a stone staircase leading down here.
Found a long sword.
You see here a +0 long sword.
e - a +0 long sword
e - a +0 long sword (weapon)
Unknown command.
f - a metallic dark potion A goblin comes into view.
It is wielding a +2 dagger of electrocution.
The goblin shouts!
The goblin hits you but does no damage.
You hit the goblin.
The goblin is heavily wounded.
The goblin hits you with a +2 dagger of electrocution.
You are electrocuted!
You closely miss the goblin.
The goblin is moderately wounded.
The goblin hits you with a +2 dagger of electrocution.
You are electrocuted!
Ouch! That really hurt!
You die...

#####.######...
#.# #.## #.# #...
#.# #### #.# #.##
#..# ###########.#
#..@g...# #.#
...####.#####.#
#.#
#.........##.###.#
######.##........#
#.#####.#####
#.......#
#########


You could see a goblin.

Vanquished Creatures
  3 jackals (D:1)
  A ball python (D:1)
  2 bats (D:1)
  A frilled lizard (D:1)
7 creatures vanquished.

Notes
Turn   | Place    | Note
-------+----------+-------------------------------------------
     0 | D:1      | jimonade the Djinni Warper began the quest for the Orb.
     0 | D:1      | jimonade set off with the following spells memorised:
                  | Blink, Lesser Beckoning, Vhi's Electric Charge, Teleport
                  | Other, Manifold Assault.
     0 | D:1      | Reached XP level 1. HP: 18/18 MP: 0/0
   139 | D:1      | Reached XP level 2. HP: 23/23 MP: 0/0
   252 | D:1      | Mangled by a goblin

Illustrated notes

Levels and vault maps discovered:
D:1:      dpeg_arrival_round_c, layout_loops_cross

Action                     || total
---------------------------++-------
  Melee: Falchion          ||    28
         Long sword        ||     2
 Armour: Leather armour    ||    10
  Dodge: Dodged            ||    30

Table legend: (Time is in decaauts)
 A = Elapsed time spent in this place.
 B = Non-inter-level travel time spent in this place.
 C = Inter-level travel time spent in this place.
 D = Time resting spent in this place.
 E = Time spent auto-exploring this place.
 F = Levels seen in this place.
 G = Mean time per level.
                   A        B        C        D        E       F      G
               +--------+--------+--------+--------+--------+-----+--------+
         Total |    257 |    257 |      0 |      0 |    189 |   1 |  257.0 |
       Dungeon |    257 |    257 |      0 |      0 |    189 |   1 |  257.0 |
               +--------+--------+--------+--------+--------+-----+--------+

Top non-repeatable levels by time:
     D:1: 257 daAuts
